 Dungeon Crawl Stone Soup version 0.26-b1-32-g5d43845318 (webtiles) character file.

Game seed: 8094716364444380891

356 Aviak the Shield-Bearer (level 6, -19/57 HPs)
             Began as a Deep Dwarf Fighter on Jan 8, 2021.
             Killed from afar by Pikel (24 damage)
             ... with a bolt of acid
             ... on level 4 of the Dungeon.
             The game lasted 00:03:04 (2618 turns).

Aviak the Shield-Bearer (Deep Dwarf Fighter)        Turns: 2618, Time: 00:03:05

Health: -19/57     AC:  6    Str: 21    XL:     6   Next: 36%
Magic:  6/6        EV:  4    Int:  9    God:
Gold:   209        SH: 10    Dex: 12    Spells: 5/5 levels left

rFire    . . .     SeeInvis .   a - +0 war axe
rCold    . . .     Faith    .   c - +0 kite shield
rNeg     . . .     Spirit   .   s - +0 plate armour
rPois    .         Reflect  .   (no helmet)
rElec    .         Harm     .   (no cloak)
rCorr    .         Rampage  .   k - +1 pair of gloves
Will     .....                  (no boots)
Stlth    ..........             q - amulet of magic regeneration
HPRegen  0.00/turn              (no ring)
MPRegen  0.35/turn              (no ring)

@: mighty, corroded, non-regenerating
A: damage resistance, heal wounds, sense surroundings 1, no regeneration
a: Heal Wounds


You were on level 4 of the Dungeon.
You visited 1 branch of the dungeon, and saw 4 of its levels.

You collected 209 gold pieces.

Inventory:

Hand Weapons
 a - a +0 war axe (weapon)
Armour
 b - a +0 scale mail
 c - a +0 kite shield (worn)
 k - a +1 pair of gloves (worn)
 s - a +0 plate armour (worn)
Jewellery
 q - an amulet of magic regeneration (around neck)
Scrolls
 g - 3 scrolls of teleportation {unknown}
 h - a scroll of magic mapping {unknown}
 i - 2 scrolls of identify
 j - a scroll of enchant weapon {unknown}
 m - a scroll of immolation {unknown}
 n - a scroll of enchant armour {unknown}
 p - a scroll of remove curse {unknown}
 u - a scroll of random uselessness {unknown}
 w - a scroll of noise {unknown}
Potions
 e - a potion of lignification {unknown}
 f - a potion of heal wounds {unknown}
 l - a potion of attraction {unknown}
 o - a potion of degeneration {!q!q}
 r - a potion of curing {unknown}
 t - a potion of invisibility {unknown}
 v - 3 potions of ambrosia {unknown}


   Skills:
 + Level 4.0 Fighting
 + Level 4.1 Axes
 + Level 4.8 Armour
 + Level 4.8 Shields


You had 5 spell levels left.
You didn't know any spells.
Your spell library was empty.

Dungeon Overview and Level Annotations

Branches:
Dungeon (4/15)
 Temple: D:4-7

Altars:
Yredelemnul
The Shining One

Annotations:
D:4 Pikel


Innate Abilities, Weirdness & Mutations

You are resistant to damage.
You can heal yourself by infusing magical energy.
You passively map a small area around you.
You do not regenerate.


Message History

Pikel is severely wounded.
Your plate armour prevents you from hitting the lemure.
Pikel hits you but does no damage. The lemure barely misses you.
Pikel hits you with a +1 whip of electrocution.
You are electrocuted!
You closely miss Pikel.
Pikel is severely wounded.
You hit the lemure. You block the lemure's attack.
Pikel says, "You'll rust in Dis!"
Pikel hits you but does no damage.
You are electrocuted!
You block the lemure's attack.
You hit Pikel.
Pikel is severely wounded.
You closely miss the lemure.
Pikel hits you with a +1 whip of electrocution.
You are electrocuted!!
* * * LOW HITPOINT WARNING * * *
The lemure hits you but does no damage.
Pikel zaps a wand.
The bolt of acid hits you!!
You die...

* , #.............##....
###........5....#..# , *
.#..................##.
, *
...##....5.#.......... *
*###.#...5..##..........
,
..........##...........
,
...##...5###.#..#......
., ###.5K5..#......... ,
#.##@..#........., ,
...####........... ,
,..)... ##...........#,
(....... ,#...........#
,
.............#..........
,
...........###..#......
, ...#.....##* #..###..#
, , ,. #...##..## , *
###.>....#...


You could see Pikel and 3 lemures.

Vanquished Creatures
  A hornet zombie (D:4)
  An orc priest (D:3)
  Jessica (D:2)
  7 gnolls
  4 adders
  A worm (D:2)
  3 dart slugs
  2 leopard geckos
  7 orcs (D:3)
  12 goblins
  13 hobgoblins
  12 jackals
  9 kobolds
  5 bats
  2 frilled lizards
  A leopard gecko skeleton (D:4)
  11 rats
92 creatures vanquished.

Notes
Turn   | Place    | Note
-------+----------+-------------------------------------------
     0 | D:1      | Aviak the Deep Dwarf Fighter began the quest for the Orb.
     0 | D:1      | Reached XP level 1. HP: 20/20 MP: 1/1
   152 | D:1      | Reached XP level 2. HP: 24/27 MP: 2/2
   303 | D:1      | Reached XP level 3. HP: 23/34 MP: 3/3
   948 | D:2      | Reached XP level 4. HP: 26/42 MP: 4/4
   981 | D:2      | Noticed Jessica
   987 | D:2      | Killed Jessica
  1886 | D:3      | Reached XP level 5. HP: 29/49 MP: 5/5
  2243 | D:3      | Found a basalt altar of Yredelemnul.
  2252 | D:3      | Found a glowing golden altar of the Shining One.
  2346 | D:3      | Reached XP level 6. HP: 38/57 MP: 6/6
  2581 | D:4      | Noticed Pikel
  2618 | D:4      | Killed from afar by Pikel

Illustrated notes

Levels and vault maps discovered:
D:1:      zaba_arrival_water, layout_basic
D:2:      layout_basic, uniq_jessica
D:3:      layout_loops_ring, grunt_temple_overflow_holy_war
D:4:      layout_cave_pools, uniq_pikel

Skill      XL: |  1  2  3  4  5  6 |
---------------+-------------------+-----
Fighting       | 3 4 |  4.0
Axes           | 3 4 |  4.1
Shields        | 4 |  4.8
Armour         | 4 |  4.8

Action                   |  1- 3 |  4- 6 || total
-------------------------+-------+-------++-------
Melee: War axe           |   112 |   180 ||   292
 Abil: Heal Wounds       |     1 |     9 ||    10
  Use: Scroll            |       |     1 ||     1
       Potion            |       |     1 ||     1
Armor: Scale mail        |    55 |    33 ||    88
       Plate armour      |       |   109 ||   109
Dodge: Dodged            |    41 |    32 ||    73
Block: Kite shield       |    61 |   127 ||   188
